 Dungeon Crawl Stone Soup version 0.17-a0-1976-g482a304 (webtiles) character file.

143 braksdos the Skirmisher (level 5, 0/34 HPs)
             Began as a Kobold Abyssal Knight on Oct 4, 2015.
             Was a Believer of Lugonu.
             Succumbed to an orc's poison
             ... on level 2 of the Dungeon.
             The game lasted 00:10:31 (4260 turns).

braksdos the Skirmisher (Kobold Abyssal Knight)     Turns: 4260, Time: 00:10:31

Health: 0/34       AC:  6    Str: 11    XL:     5   Next: 50%
Magic:  7/7        EV: 14    Int: 16    God:    Lugonu [**....]
Gold:   151        SH:  0    Dex: 15    Spells: 0 memorised, 4 levels left

rFire  . . .     SeeInvis .     a - +1 falchion
rCold  . . .     Clarity  .     b - +0 leather armour
rNeg   . . .     SustAt   .     (shield restricted)
rPois  .         Gourm    .     q - +0 helmet
rElec  .         Spirit   .     (no cloak)
rCorr  .         Warding  .     (no gloves)
rMut   .         Stasis   .     i - +1 pair of boots
MR     .....                    (no amulet)
Stlth  ++........               (no ring)
                                (no ring)

@: brilliant, lethally poisoned (0 -> -8), slowed, very slow, not resistant to
hostile enchantments, unstealthy
A: carnivore 3
a: Depart the Abyss, Bend Space, Renounce Religion


You were on level 2 of the Dungeon.
You worshipped Lugonu.
Lugonu was pleased with you.
You were very full.

You visited 1 branch of the dungeon, and saw 3 of its levels.
You visited the Abyss 1 time.

You collected 151 gold pieces.

Inventory:

Hand Weapons
 a - a +1 falchion (weapon)
 j - a +0 short sword
Missiles
 n - 8 needles of paralysis
Armour
 b - a +0 leather armour (worn)
 i - a +1 pair of boots (worn)
 q - a +0 helmet (worn)
Jewellery
 g - an uncursed ring of ice
Scrolls
 e - 2 scrolls of identify
 f - 2 scrolls of fog
 h - 3 scrolls of immolation {unknown}
 k - 2 scrolls of enchant armour
 m - a scroll of blinking
 o - a scroll of amnesia
Potions
 p - a potion of brilliance
Comestibles
 c - a meat ration
 l - a beef jerky
 r - a chunk of flesh


   Skills:
 + Level 4.3 Fighting
 + Level 2.2(2.9) Short Blades
 - Level 1.5(1.8) Long Blades
 - Level 0.7 Armour
 - Level 2.5 Dodging
 + Level 3.2 Stealth
 + Level 3.5 Invocations


You had 4 spell levels left.
You didn't know any spells.

Dungeon Overview and Level Annotations

Branches:
Dungeon (3/15)

Altars:
Ashenzari
Nemelex Xobeh
Trog
The Shining One

Annotations:
D:3 Natasha, Sigmund


Innate Abilities, Weirdness & Mutations

You are small and have problems with some larger weapons.
You are carnivorous and can eat meat at any time.


Message History

You feel as though you will be slow longer.
There is a stone staircase leading up here.
(D) Dungeon
Where to? (Enter - D:3, ? - help)
There is a lethal amount of poison in your body!
* * * LOW HITPOINT WARNING * * *
You feel sick.
You climb upwards.
* * * LOW HITPOINT WARNING * * *
You feel sick.
There is a stone staircase leading down here.
Drink which item? (? for menu, Esc to quit)
You feel clever all of a sudden.
* * * LOW HITPOINT WARNING * * *
You feel sick.
* * * LOW HITPOINT WARNING * * *
You feel sick.
* * * LOW HITPOINT WARNING * * *
You feel sick.
You die...

.....###.##### #.#
#............# #.#
##.#####.###.###.#####
#.# #.............#
#.# #####.#.#####.#
##+## #.#.### #.#
#...## #.....# #.#
.....## ###>#.# #.#
......## ##.#.#@###.#
.......####..........#
.(.....'.......#.#####
.......####...##.#
....%.## ##.###.#
.....## ### #.# #...##
#.# ##'## #.# #.#
#####.#


There were no monsters in sight!

Vanquished Creatures
  Terence (D:2)
  Robin (D:3)
  2 adders (D:1)
  2 worms
  A giant gecko (D:1)
  2 orcs (D:3)
  6 bats
  7 giant cockroaches
  22 goblins
  13 hobgoblins
  4 jackals (D:2)
  6 kobolds
  A giant newt (D:2)
  A quokka (D:2)
  8 rats
77 creatures vanquished.

Notes
Turn   | Place    | Note
--------------------------------------------------------------
     0 | Abyss:1  | braksdos the Kobold Abyssal Knight began the quest for the Orb.
     0 | Abyss:1  | Reached XP level 1. HP: 14/14 MP: 2/2
    44 | Abyss:1  | Noticed an ancient zyme
    44 | D:1      | Escaped the Abyss
   369 | D:1      | Reached skill level 1 in Stealth
   664 | D:1      | Reached XP level 2. HP: 19/19 MP: 3/3
  1044 | D:1      | Acquired Lugonu's first power
  1436 | D:1      | Reached XP level 3. HP: 13/23 MP: 4/4
  1602 | D:1      | Reached skill level 1 in Short Blades
  2042 | D:2      | Reached XP level 4. HP: 25/28 MP: 6/6
  2775 | D:2      | Acquired Lugonu's second power
  2784 | D:2      | Noticed Terence
  2803 | D:2      | Killed Terence
  2803 | D:2      | Reached skill level 4 in Fighting
  2803 | D:2      | Reached XP level 5. HP: 18/33 MP: 7/7
  3028 | D:2      | Found a shattered altar of Ashenzari.
  3029 | D:2      | Found a glowing golden altar of the Shining One.
  3307 | D:3      | Noticed Robin
  3462 | D:3      | Noticed Sigmund
  3780 | D:3      | Killed Robin
  4125 | D:3      | Found a bloodstained altar of Trog.
  4126 | D:3      | Found a sparkling altar of Nemelex Xobeh.
  4232 | D:3      | Noticed Natasha
  4259 | D:2      | HP: 1/34 [poisoned by an orc]
  4260 | D:2      | Succumbed to an orc's poison

Vault maps used:
D:1:      lightli_arrival_statuegarden
D:2:      gammafunk_temple_overflow_pools, first_bread, uniq_terence
D:3:      nicolae_overflow_hidden_temple, uniq_robin, uniq_iyjb, uniq_sigmund,
          uniq_natasha
Abyss:1:  minivault_19

Action                   |  1- 3 |  4- 6 || total
-------------------------+-------+-------++-------
Melee: Falchion          |    34 |   161 ||   195
       Short sword       |    79 |    13 ||    92
Invok: Depart the Abyss  |     1 |       ||     1
  Use: Scroll            |     2 |     5 ||     7
       Potion            |     1 |     3 ||     4
 Stab: Sleeping          |     2 |     5 ||     7
       Distracted        |     1 |       ||     1
  Eat: Chunk             |    12 |     7 ||    19
